 Dungeon Crawl Stone Soup version 0.19.1 (webtiles) character file.

113 Brusher the Magician (level 4, -3/27 HPs)
             Began as an Octopode Wizard on Dec 25, 2016.
             Slain by Slime's ghost (4 damage)
             ... on level 3 of the Dungeon.
             The game lasted 00:20:52 (3695 turns).

Brusher the Magician (Octopode Wizard)              Turns: 3695, Time: 00:20:53

Health: -3/27      AC:  1    Str: 11    XL:     4   Next: 96%
Magic:  1/10       EV: 13    Int: 21    God:
Gold:   81         SH:  0    Dex: 10    Spells: 3 memorised, 6 levels left

rFire  . . .     SeeInvis .     g - -1 dagger (curse)
rCold  . . .     Gourm    .     (no shield)
rNeg   . . .     Faith    .     a - +0 hat
rPois  .         Spirit   .     (no amulet)
rElec  .         Reflect  .     (no ring)
rCorr  .         Harm     .     (no ring)
MR     .....                    (no ring)
Stlth  +++.......               (no ring)
                                (no ring)
                                (no ring)
                                (no ring)
                                (no ring)

@: mighty, very slightly contaminated, drained
A: almost no armour, stealthy swim, amphibious, 8 rings, constrict 8, camouflage
1, gelatinous body 1
a: no special abilities


You were on level 3 of the Dungeon.
You were not hungry.

You visited 1 branch of the dungeon, and saw 3 of its levels.

You collected 81 gold pieces.

Inventory:

Hand Weapons
 g - a cursed -1 dagger (weapon)
Armour
 a - a +0 hat (worn)
Scrolls
 d - a scroll of teleportation {unknown}
 e - a scroll of fear {unknown}
 h - 4 scrolls of identify {unknown}
 j - a scroll of recharging {unknown}
 o - a scroll of magic mapping {unknown}
Potions
 i - a potion of mutation {unknown}
 l - a potion of heal wounds {unknown}
 m - 2 potions of beneficial mutation {unknown}
 n - a potion of haste {unknown}
 q - a potion of lignification {unknown}
 r - a potion of might
Books
 b - a book of Minor Magic

   Spells                             Type                      Level
   a - Magic Dart                     Conjuration                  1
   b - Blink                          Translocation                2
   c - Call Imp                       Summoning                    2
   d - Repel Missiles                 Charms/Air                   2
   e - Slow                           Hexes                        2
   f - Conjure Flame                  Conjuration/Fire             3
   g - Mephitic Cloud                 Conjuration/Poison/Air       3
Comestibles
 c - 2 bread rations
 f - 2 meat rations
 k - a slice of pizza
 s - a beef jerky


   Skills:
 + Level 2.2(1.7) Dodging
 + Level 3.6(3.1) Stealth
 + Level 4.3(3.8) Spellcasting
 + Level 2.2(1.7) Conjurations
   Level 1.0(0.5) Summonings
 + Level 1.0(0.5) Translocations


You had 6 spell levels left.
You knew the following spells:

 Your Spells              Type           Power        Failure   Level  Hunger
a - Magic Dart            Conj           ##..         8%          1    None
b - Blink                 Tloc           N/A          17%         2    ##.....
c - Slow                  Hex            #.......     21%         2    ##.....


Dungeon Overview and Level Annotations

Branches:
Dungeon (3/15)

Altars:

Annotations:
D:3 Slime's ghost, amateur DEEE


Innate Abilities, Weirdness & Mutations

You cannot wear most types of armour.
You are very stealthy in the water. (Stealth+)
You are amphibious.
You can wear up to eight rings at the same time.
You can use your tentacles to constrict eight enemies at once.
Your skin changes colour to match your surroundings (Stealth+).
Your rubbery body absorbs attacks. (AC +1, EV +1)


Message History

Nothing appears to happen.
Slime's ghost hits you.
You feel drained.
Casting: Magic Dart
Confirm with . or Enter, or press ? or * to list all spells.
Aiming: Magic Dart
Press: ? - help, Shift-Dir - straight line, f/p - Slime's ghost
Aim: Slime's ghost, wielding a weapon of draining (severely damaged)
You miscast Magic Dart.
You feel a strange surge of energy! Slime's ghost casts a spell at you.
The rocky blast misses you.
Slime's ghost points at you and mumbles some strange words.
The rocky blast misses you.
Slime's ghost gestures at you while chanting.
The rocky blast misses you.
It was a potion of might.
You feel very mighty all of a sudden.
Slime's ghost points at you and mumbles some strange words.
The rocky blast hits you!
* * * LOW HITPOINT WARNING * * *
Slime's ghost hits you.
You die...

#......#
#..........
#......#
#.........
########
#.....####
#)....#
######..)..#
#....#.....#
#....#.....#
#....#.....##
#.....@W....#
#..>........#
##..........##
#...........#
###########.##
#.....#
#.....#
#......#
........#


You could see Slime's ghost.

Vanquished Creatures
  3 gnolls (D:3)
  2 adders (D:2)
  An ooze (D:1)
  2 dart slugs
  4 leopard geckos
  An orc (D:3)
  A ball python (D:1)
  3 bats
  4 giant cockroaches (D:1)
  7 goblins
  5 hobgoblins
  3 jackals (D:1)
  3 kobolds
  5 frilled lizards
  8 rats
52 creatures vanquished.

Notes
Turn   | Place    | Note
-------+----------+-------------------------------------------
     0 | D:1      | Brusher the Octopode Wizard began the quest for the Orb.
     0 | D:1      | Reached XP level 1. HP: 11/11 MP: 4/4
   486 | D:1      | Reached XP level 2. HP: 16/17 MP: 1/6
  1620 | D:1      | Reached XP level 3. HP: 21/21 MP: 5/8
  2485 | D:2      | Reached skill level 4 in Spellcasting
  2485 | D:2      | Reached XP level 4. HP: 23/27 MP: 5/10
  3208 | D:3      | Learned a level 2 spell: Blink
  3211 | D:3      | Learned a level 2 spell: Slow
  3672 | D:3      | Noticed Slime's ghost (amateur DEEE)
  3694 | D:3      | HP: 1/27 [Slime's ghost/rocky blast (8)]
  3695 | D:3      | Slain by Slime's ghost

Skill      XL: |  1  2  3  4 |
---------------+-------------+-----
Stealth        | 3 |  3.6
Spellcasting   | 4 |  4.3
Conjurations   | 2 |  2.2
Dodging        | |  2.2
Summonings     | |  1.0
Translocations | |  1.0

Action                   |  1- 3 |  4- 6 || total
-------------------------+-------+-------++-------
Melee: Unarmed           |    10 |       ||    10
       Constrict         |     4 |       ||     4
       Tentacles         |     1 |       ||     1
       Dagger            |     3 |       ||     3
 Cast: Magic Dart        |    76 |    64 ||   140
  Use: Potion            |       |     1 ||     1
  Eat: Beef jerky        |     1 |       ||     1
       Pizza             |     1 |       ||     1
       Chunk             |     1 |       ||     1
       Bread ration      |       |     1 ||     1
Armor: Skin              |     5 |       ||     5
Dodge: Dodged            |    26 |    11 ||    37
